cohdb
Replays
Latest Replays
All Replays
Popular Replays
Top Player Replays
Match Explorer
How It Works
Community
CoH3 Stats
Reddit
Sign in to upload your games and track your stats! →
Sign in with Steam
Match 40276549
Unlisted
Match 40276549
Overview
Messages
Build Orders
End
Construct Barracks
Selects Heavy Weapons
Engineer Squad
1⁄4-ton 4x4 Truck
Construct Weapon Support Center
M1919 Machine Gun Team
M1919 Machine Gun Team
Riflemen Squad
Selects M2HB .50cal Heavy Machine Gun
Bazooka Squad
Mechanized Support Center
Mortar Pit
Bazooka Squad
Construct Tank Depot
Engineer Squad
M4A1 Sherman Medium Tank
Mortar Pit
Selects Rapid Reposition
Selects Bolstered Team Weapons
M4A1 Sherman Medium Tank
Improvised Armor
M4A1 76mm Conversion
Mortar Pit
M4A1(76) Sherman Medium Tank
Rapid Repairs
Selects Assault Carriers
Selects Halftrack Strongpoints
Salvage Crew
Barrier
XuZhongwei
Dingo
Gary_R.O.C_TW
CPU - 专家
CPU - 专家
CPU - 专家
CPU - 专家
0
0
Comments
sign in to comment!
No comments posted yet!